 Dungeon Crawl Stone Soup version 0.30-a0-1008-g30c9307041 (webtiles) character file.

Game seed: 17776935328498923403

6402 hwolsky the Thaumaturge (level 10, -4/69 HPs)
             Began as a Purple Draconian Conjurer on Mar 31, 2023.
             Was a Believer of Ashenzari.
             Slain by Joseph
             ... wielding a +0 quarterstaff
              (11 damage)
             ... on level 10 of the Dungeon on Apr 5, 2023.
             The game lasted 01:25:58 (10965 turns).

hwolsky the Thaumaturge (DrCj)                     Turns: 10965, Time: 01:25:59

Health: -4/69      AC:  8    Str:  9    XL:     10   Next: 66%
Magic:  24/24      EV: 19    Int: 29    God:    Ashenzari [**....]
Gold:   398        SH:  3    Dex: 10    Spells: 16/29 levels left

rFire   . . .      SeeInvis +    x - +3 scimitar "I Foresaw This" {Cun, Melee} (curse)
rCold   . . .      Faith    .    k - +0 buckler of the Celestial Seer {Elem, Bglg} (curse)
rNeg    . . .      Spirit   .    (body armour unavailable)
rPois   +          Reflect  .    (helmet restricted)
rElec   .          Rampage  .    (no cloak)
rCorr   .                        j - +0 pair of gloves of Ashenzari's Prison {Bglg, Elem} (curse)
Will    +....                    (no boots)
Stlth   ++++                     g - amulet of the acrobat
HPRegen 0.31/turn                e - +5 ring of evasion
MPRegen 0.19/turn                i - +6 ring of intelligence

@: no status effects
A: breathe power, AC +7, unfitting armour, cold-blooded, horns 1, poison
resistance, screaming 1, MP-powered wands
a: Breathe Dispelling Energy, Renounce Religion, Shatter the Chains


You were on level 10 of the Dungeon.
You worshipped Ashenzari.
Ashenzari was pleased with you.
You visited 1 branch of the dungeon, and saw 10 of its levels.

You collected 398 gold pieces.

Inventory:

Hand Weapons
 c - a +5 halberd
 d - a +0 dagger of protection
 h - a +2 dagger of freezing
 x - the cursed +3 scimitar "I Foresaw This" (weapon) {Cun, Melee}
   (You took it off a wight on level 6 of the Dungeon)

   It has a curse which improves the following skills: Cunning: Dodging and
   Stealth.
   Melee Combat: Short Blades, Long Blades, Axes, Maces & Flails, Polearms,
   Staves and Unarmed Combat.
Missiles
 b - 34 poisoned darts (quivered)
 p - 4 throwing nets
 B - 2 boomerangs
Armour
 f - the +2 robe of the Jabberwock {rF+ rC+ rN+}
   (You found it on level 3 of the Dungeon)

   rF:        It protects you from fire.
   rC:        It protects you from cold.
   rN:        It protects you from negative energy.
 j - the cursed +0 pair of gloves of Ashenzari's Prison (worn) {Bglg, Elem}
   (You found it on level 2 of the Dungeon)

   It has a curse which improves the following skills: Beguiling: Conjurations,
   Hexes and Translocations.
   Elements:  Fire Magic, Ice Magic, Air Magic and Earth Magic.
 k - the cursed +0 buckler of the Celestial Seer (worn) {Elem, Bglg}
   (You found it on level 2 of the Dungeon)

   It has a curse which improves the following skills: Elements: Fire Magic, Ice
   Magic, Air Magic and Earth Magic.
   Beguiling: Conjurations, Hexes and Translocations.
 n - +0 acid dragon scales
 s - the +4 ring mail "Zematioq" {rC+ Will+}
   (You found it on level 5 of the Dungeon)

   rC:        It protects you from cold.
   Will:      It increases your willpower.
Magical Staves
 y - a staff of cold
Jewellery
 e - a +5 ring of evasion (left hand)
 g - an amulet of the acrobat (around neck)
 i - a +6 ring of intelligence (right hand)
 E - a +4 ring of protection
Wands
 m - a wand of roots (12)
Scrolls
 l - a scroll of magic mapping
 q - a scroll of amnesia
 r - a scroll of enchant armour
 v - 5 scrolls of teleportation
 z - a scroll of poison
 D - 4 scrolls of identify
Potions
 a - 2 potions of lignification
 t - 2 potions of attraction
 A - a potion of degeneration


   Skills:
 + Level 7.4(8.6) Dodging
 + Level 8.0(9.2) Stealth
 * Level 10.2 Spellcasting
 + Level 8.9(10.7) Conjurations


You had 16 spell levels left.
You knew the following spells:

 Your Spells              Type           Power      Damage    Failure   Level
a - Magic Dart            Conj           100%       1d8       1%          1
b - Searing Ray           Conj           100%       2d8       1%          2
c - Beastly Appendage     Tmut           28%        N/A       4%          1
d - Passwall              Tmut/Erth      12%        N/A       8%          2
e - Wereblood             Tmut           14%        N/A       8%          2
f - Blink                 Tloc           30%        N/A       7%          2
g - Dazzling Flash        Conj/Hex       92%        N/A       1%          3

Your spell library contained the following spells:

 Spells                   Type           Power      Damage    Failure   Level
 Kiss of Death            Conj/Necr      100%       2d13      1%          1
 Momentum Strike          Conj/Tloc      92%        3d10      1%          2
 Iskenderun's Battlesphe  Conj           67%        2d12      1%          5
 Slow                     Hex            64%        N/A       4%          1
 Fulminant Prism          Conj/Hex       23%        3d12      5%          4
 Iskenderun's Mystic Bla  Conj/Tloc      46%        2d10      5%          4
 Ensorcelled Hibernation  Hex/Ice        30%        N/A       7%          2
 Lesser Beckoning         Tloc           30%        N/A       7%          2
 Confusing Touch          Hex            16%        N/A       14%         3
 Swiftness                Air            15%        N/A       14%         3
 Fireball                 Conj/Fire      23%        3d11      14%         5
 Spider Form              Tmut/Pois      14%        N/A       16%         3
 Vampiric Draining        Necr           14%        2d7       16%         3
 Dispel Undead            Necr           14%        3d10      45%         4
 Orb of Destruction       Conj           33%        9d10      45%         7
 Conjure Ball Lightning   Conj/Air       23%        3x3d6     63%         6
 Silence                  Hex/Air        7%         N/A       77%         5
 Agony                    Necr           14%        N/A       80%         5


Dungeon Overview and Level Annotations

Branches:
Dungeon (10/15)            Temple (0/1) D:5            Lair (0/5) D:9
    Orc: D:9-12

Altars:
Ashenzari
Fedhas
Makhleb
Trog
Uskayaw
Vehumet
Wu Jian
Yredelemnul

Shops:
D:5 (   D:7 (   D:10 :

Annotations:
D:10 Joseph


Innate Abilities, Weirdness & Mutations

You can breathe bolts of dispelling energy.
Your rich purple scales are hard. (AC +7)
You cannot fit into any form of body armour.
You are cold-blooded and may be slowed by cold attacks.
You have a pair of small horns on your head.
Your system is resistant to poisons. (rPois)
You occasionally shout uncontrollably at your foes.
You expend magic power (3 MP) to strengthen your wands.


Message History

Joseph shoots a sling bullet.
The sling bullet hits you!!
* * * LOW HITPOINT WARNING * * *
The two-headed ogre misses you. x2; Joseph shoots a sling bullet.
The sling bullet hits you!
* * * LOW HITPOINT WARNING * * *
Blink to where?
Press: ? - help, Q - select action, (/) - cycle Dir - move target
As you read the scroll of blinking, it crumbles to dust.
Joseph shoots a sling bullet.
The sling bullet completely misses you.
Found a +0 trident.
Joseph shoots a sling bullet.
The sling bullet completely misses you.
Okay, then.
You start resting.
Joseph is nearby!
Joseph unwields a +0 sling.
Joseph wields a +0 quarterstaff.
Joseph barely misses you.
You barely miss Joseph. You block Joseph's attack.
You slash Joseph!
Joseph is lightly wounded.
Joseph hits you with a +0 quarterstaff.
* * * LOW HITPOINT WARNING * * *
You hit Joseph but do no damage.
Joseph is lightly wounded.
Joseph hits you with a +0 quarterstaff.
* * * LOW HITPOINT WARNING * * *
Joseph hits you with a +0 quarterstaff.
* * * LOW HITPOINT WARNING * * *
You hit Joseph.
Joseph is moderately wounded.
Joseph closely misses you.
You closely miss Joseph.
Your tail-slap misses Joseph.
Joseph is moderately wounded.
Joseph completely misses you. Joseph misses you.
You barely miss Joseph. Your headbutt misses Joseph.
Joseph is moderately wounded.
You block Joseph's attack.
You slash Joseph! You headbutt Joseph. You tail-slap Joseph.
Joseph is heavily wounded.
Joseph hits you with a +0 quarterstaff!
You die...

#..... , ,
#.....# ,
#.....#, ,, ,
#.....########
#....)#......#
#............#
#............#
#............#
,,
#....@########
#....@.......#*
#............#
#............#
#######......#
, , ,,#......#,
, * , ,
#......#
........#
..........# , ,


You could see Joseph.

Vanquished Creatures
  Pikel (D:8)
  A troll (D:10)
  Sigmund (D:5)
  15 yaks
  The ghost of Jogans the Slasher, an amateur BaBe of Trog (D:3)
  A steam dragon (D:8)
  An acid dragon (D:5)
  A water moccasin (D:7)
  2 orc warriors
  3 black bears
  An ogre (D:6)
  4 centaurs
  2 lemures (D:8)
  A phantom (D:5)
  4 kobold brigands
  4 bullfrogs
  A gnoll sergeant (D:10)
  A scorpion (D:5)
  9 wights
  2 orc priests
  5 hounds
  4 jellies
  Jessica (D:2)
  3 iguanas
  2 orc wizards (D:7)
  18 gnolls
  6 adders
  3 shadow imps
  A white imp (D:5)
  A worm (D:3)
  A dart slug (D:5)
  18 orcs
  6 ball pythons
  5 bats
  2 endoplasms (D:1)
  3 giant cockroaches
  5 hobgoblins
  13 jackals
  4 quokkas
  5 frilled lizards
  5 goblins
  31 kobolds
  8 rats
206 creatures vanquished.

Vanquished Creatures (collateral kills)
  An orc wizard (D:10)
  4 gnolls (D:10)
  4 orcs (D:10)
9 creatures vanquished.

Vanquished Creatures (others)
  4 fungi (D:9)
  37 plants (D:9)
41 creatures vanquished.

Grand Total: 256 creatures vanquished

Notes
Turn   | Place    | Note
-------+----------+-------------------------------------------
     0 | D:1      | hwolsky the Draconian Conjurer began the quest for the Orb.
     0 | D:1      | Reached XP level 1. HP: 14/14 MP: 3/3
   367 | D:1      | Reached XP level 2. HP: 20/20 MP: 1/5
   370 | D:1      | Learned a level 2 spell: Searing Ray
   370 | D:1      | Upgraded the game from 0.30-a0-972-gf3ab3527aa to
                  | 0.30-a0-989-g0d87f670db
  1296 | D:2      | Reached XP level 3. HP: 26/26 MP: 3/6
  1617 | D:2      | Noticed Jessica
  1618 | D:2      | Killed Jessica
  2037 | D:3      | Reached XP level 4. HP: 33/33 MP: 3/7
  2092 | D:3      | Found a runed translucent door.
  2107 | D:3      | Noticed Jogans's ghost (amateur BaBe)
  2119 | D:3      | Noticed a bullfrog
  2130 | D:3      | Killed a bullfrog
  2131 | D:3      | Reached XP level 5. HP: 24/38 MP: 5/9
  2145 | D:3      | Killed Jogans's ghost
  2146 | D:3      | Reached skill level 3 in Spellcasting
  2146 | D:3      | Reached skill level 5 in Conjurations
  2146 | D:3      | Reached XP level 6. HP: 31/45 MP: 2/10
  2197 | D:3      | Found a runed translucent door.
  2789 | D:3      | Identified the +2 robe of the Jabberwock {rF+ rC+ rN+}
  2859 | D:4      | Found a basalt altar of Yredelemnul.
  2948 | D:4      | Learned a level 1 spell: Beastly Appendage
  4037 | D:5      | Entered Level 5 of the Dungeon
  4091 | D:5      | Found a staircase to the Ecumenical Temple.
  4098 | D:5      | Identified the +4 ring mail "Zematioq" {rC+ Will+}
  4249 | D:5      | Noticed an orc warrior
  4266 | D:5      | Killed an orc warrior
  4267 | D:5      | Reached skill level 4 in Spellcasting
  4267 | D:5      | Your scales start taking on a rich purple colour.
  4267 | D:5      | Reached XP level 7. HP: 40/50 MP: 4/14
  4341 | D:5      | Learned a level 2 spell: Passwall
  4344 | D:5      | Learned a level 2 spell: Wereblood
  4442 | D:5      | Found Linlisue's Antique Weapon Boutique.
  4480 | D:5      | HP: 3/75 [acid dragon (3)]
  4486 | D:5      | Reached skill level 5 in Spellcasting
  4881 | D:5      | Learned a level 2 spell: Blink
  4885 | D:5      | Learned a level 3 spell: Dazzling Flash
  5189 | D:5      | Noticed Sigmund
  5196 | D:5      | Killed Sigmund
  5197 | D:5      | Reached skill level 5 in Stealth
  5197 | D:5      | Reached XP level 8. HP: 55/57 MP: 8/16
  5306 | D:5      | Gained mutation: You have a pair of small horns on your
                  | head. [potion of mutation]
  5306 | D:5      | Gained mutation: Your flesh is heat resistant. (rF+)
                  | [potion of mutation]
  5306 | D:5      | Gained mutation: You are clumsy. (Dex -2) [potion of
                  | mutation]
  5656 | D:6      | Upgraded the game from 0.30-a0-989-g0d87f670db to
                  | 0.30-a0-996-ga6910c8ee8
  6016 | D:6      | Reached skill level 6 in Spellcasting
  6236 | D:6      | Reached skill level 5 in Dodging
  7393 | D:6      | Reached XP level 9. HP: 62/62 MP: 6/19
  7427 | D:6      | Reached skill level 7 in Spellcasting
  7768 | D:7      | Found a broken altar of Ashenzari.
  7791 | D:7      | Became a worshipper of Ashenzari the Shackled
  7876 | D:7      | Upgraded the game from 0.30-a0-996-ga6910c8ee8 to
                  | 0.30-a0-1008-g30c9307041
  8507 | D:7      | Found Feeneph's Antique Weapon Shoppe.
  8602 | D:8      | Found an ornate altar of the Wu Jian Council.
  8607 | D:8      | Found a blossoming altar of Fedhas.
  8607 | D:8      | Found a radiant altar of Vehumet.
  8630 | D:8      | Found a burning altar of Makhleb.
  8636 | D:8      | Found a bloodstained altar of Trog.
  8738 | D:8      | Reached skill level 8 in Spellcasting
  9041 | D:8      | Reached XP level 10. HP: 58/69 MP: 10/22
  9278 | D:8      | Noticed Pikel
  9311 | D:8      | Killed Pikel
  9312 | D:8      | Reached skill level 9 in Spellcasting
  9695 | D:9      | Lost mutation: Your flesh is heat resistant. (rF+) [potion
                  | of mutation]
  9695 | D:9      | Lost mutation: You are clumsy. (Dex -2) [potion of
                  | mutation]
  9695 | D:9      | Gained mutation: Your system is resistant to poisons.
                  | (rPois) [potion of mutation]
  9695 | D:9      | Gained mutation: You occasionally shout uncontrollably at
                  | your foes. [potion of mutation]
  9695 | D:9      | Gained mutation: You expend magic power (3 MP) to
                  | strengthen your wands. [potion of mutation]
  9876 | D:9      | Found a hide-covered altar of Uskayaw.
  9932 | D:9      | Reached * piety under Ashenzari
 10029 | D:9      | Found a staircase to the Lair.
 10056 | D:10     | Entered Level 10 of the Dungeon
 10520 | D:10     | Reached skill level 10 in Spellcasting
 10646 | D:10     | Found Fiast's Book Emporium.
 10735 | D:10     | Reached ** piety under Ashenzari
 10938 | D:10     | Noticed Joseph
 10940 | D:10     | Noticed a two-headed ogre
 10965 | D:10     | Slain by Joseph

Illustrated notes

Levels and vault maps discovered:
D:1:      eino_arrival_tree_alley, layout_basic
D:2:      layout_loops_ring, uniq_jessica
D:3:      layout_rooms, ebering_ghost_sewer_f
D:4:      layout_gridville, mainiacjoe_overflow_brackets
D:5:      layout_loops_ring, temple_pool_b, serial_shops,
          nicolae_inconvenience_store, uniq_sigmund
D:6:      minmay_clustersquares, layout_gridville, minmay_liquid_box
D:7:      layout_cave_pools, evilmike_ruin_ashenzari, serial_shops,
          nicolae_shop_trees
D:8:      layout_rooms, minmay_overflow_temple_star_hex, uniq_pikel
D:9:      kennysheep_kobold_camp, layout_gridville, okawaru_trees_1,
          mainiacjoe_overflow_surrounded_room, dpeg_oklobed_lair
D:10:     layout_grid_maze, serial_shops, nicolae_take_the_stairs,
          nicolae_shop_temple_entry_statues_fountains, nicolae_stop_n_shop_2,
          wad_floor_pattern_untrapped, uniq_joseph

Skill      XL: |  1  2  3  4  5  6  7  8  9 10 |
---------------+-------------------------------+-----
Dodging        | 2 3 4 5 6 7 |  7.4
Stealth        | 2 3 4 5 6 7 8 |  8.0
Spellcasting   | 3 4 5 6 8 10 | 10.2
Conjurations   | 5 6 7 8 |  8.9

Action                     |  1- 3 |  4- 6 |  7- 9 | 10-12 || total
---------------------------+-------+-------+-------+-------++-------
  Melee: Unarmed           |    53 |       |       |       ||    53
         Tailslap          |    17 |     4 |     8 |    15 ||    44
         Dagger            |   112 |    51 |    73 |       ||   236
         Punch             |     1 |       |       |       ||     1
         Headbutt          |       |       |    10 |    16 ||    26
         Scimitar          |       |       |    20 |    80 ||   100
  Throw: Throwing net      |       |       |     2 |       ||     2
   Cast: Magic Dart        |    14 |     8 |       |       ||    22
         Searing Ray       |    20 |    37 |    61 |    29 ||   147
         Blink             |       |       |     1 |     1 ||     2
         Passwall          |       |       |       |     2 ||     2
 Invoke: Curse Item        |       |       |     1 |     2 ||     3
Ability: Breathe Dispellin |       |       |     1 |       ||     1
  Evoke: Wand              |       |     1 |     1 |       ||     2
    Use: Scroll            |     5 |     3 |     6 |     5 ||    19
         Potion            |     1 |     5 |     5 |     3 ||    14
   Stab: Invisible         |       |       |     1 |       ||     1
 Armour: Skin              |    62 |     6 |    56 |    21 ||   145
  Dodge: Dodged            |   156 |    60 |   168 |   219 ||   603
  Block: Buckler           |       |     8 |    14 |    22 ||    44

Table legend: (Time is in decaauts)
 A = Elapsed time spent in this place.
 B = Non-inter-level travel time spent in this place.
 C = Inter-level travel time spent in this place.
 D = Time resting spent in this place.
 E = Time spent auto-exploring this place.
 F = Levels seen in this place.
 G = Mean time per level.
                   A        B        C        D        E       F      G
               +--------+--------+--------+--------+--------+-----+--------+
         Total |  11023 |  10877 |    146 |   3061 |   4887 |  10 | 1102.3 |
       Dungeon |  11023 |  10877 |    146 |   3061 |   4887 |  10 | 1102.3 |
               +--------+--------+--------+--------+--------+-----+--------+

Top non-repeatable levels by time:
     D:6: 2104 daAuts
     D:5: 1619 daAuts
     D:4: 1215 daAuts
     D:1: 1061 daAuts
     D:8: 1041 daAuts
     D:2: 972 daAuts
    D:10: 920 daAuts
     D:7: 831 daAuts
     D:3: 793 daAuts
     D:9: 461 daAuts
